 Dungeon Crawl Stone Soup version 0.31.0-9-g3a7656b989 (webtiles) character file.

Game seed: 13777835959457080966

265 Killerpretzel the Changeling (level 6, 0/41 HPs)
             Began as an Octopode Shapeshifter on Feb 6, 2024.
             Slain by a howler monkey (3 damage)
             ... on level 5 of the Dungeon.
             The game lasted 00:12:55 (11284 turns).

Killerpretzel the Changeling (OpSh)                Turns: 11284, Time: 00:12:56

Health: 0/41       AC:  1    Str: 13    XL:     6   Next: 20%
Magic:  6/6        EV: 14    Int: 15    God:
Gold:   82         SH:  0    Dex: 13    Spells: 5/5 levels left

rFire   . . .        a - +1 sling of the Exiled Princes {drain, rElec rN+ Int+2}
rCold   . . .        (no shield)
rNeg    + . .        (helmet currently unavailable)
rPois   .            (no amulet)
rElec   +            i - ring of flight
rCorr   .            k - +4 ring of slaying
SInv    .            (no ring)
Will    .....        (no ring)
Stlth   ++           (no ring)
HPRegen 0.26/turn    (no ring)
MPRegen 0.10/turn    (no ring)
                     (no ring)

%: no passive effects
@: beast-form, flying, fire susceptible
A: beast (slay +2), almost no armour, amphibious, 8 rings, camouflage 1,
gelatinous body 1, (nimble swimmer 1), tentacles
a: Begin Untransformation


You were on level 5 of the Dungeon.
You were a hulking beast.
You visited 1 branch of the dungeon, and saw 4 of its levels.

You collected 82 gold pieces.

Inventory:

Hand Weapons
 a - the +1 sling of the Exiled Princes (weapon) {drain, rElec rN+ Int+2}
   (You found it on level 2 of the Dungeon)

   Int+2:     It affects your intelligence (+2).
   rElec:     It insulates you from electricity.
   rN+:       It protects you from negative energy.
Jewellery
 i - a ring of flight (left tentacle)
 k - a +4 ring of slaying (right tentacle)
Talismans
 b - a beast talisman
 c - a flux talisman
 o - a serpent talisman
Scrolls
 d - 2 scrolls of teleportation {unknown}
 e - 3 scrolls of identify {unknown}
 g - a scroll of noise {unknown}
 h - a scroll of vulnerability {unknown}
 n - a scroll of poison {unknown}
Potions
 f - a potion of haste {unknown}
 j - 2 potions of brilliance {unknown}
 l - a potion of lignification
 m - 2 potions of curing {unknown}
 p - a potion of resistance {unknown}


   Skills:
 + Level 2.6 Fighting
 + Level 3.2 Dodging
 + Level 4.0 Unarmed Combat
 * Level 4.6 Shapeshifting


You had 5 spell levels left.
You didn't know any spells.
Your spell library was empty.

Dungeon Overview and Level Annotations

Branches:
Dungeon (3/15)

Altars:
Ignis


Innate Abilities, Weirdness & Mutations

You are a hulking beast.
Your limbs bulge with bestial killing power. (Slay +2)
You cannot wear most types of armour.
You are amphibious.
You can wear up to eight rings at the same time.
Your skin changes colour to match your surroundings (Stealth+).
Your rubbery body absorbs attacks. (AC +1, EV +1)
((You are camouflaged when in or above water. (Stealth+)))
You have tentacles for arms and can constrict up to eight enemies at once.


Message History

The howler monkey hits you!
A jelly comes into view.
The ufetubus barely misses you.
The ufetubus hits you but does no damage.
The howler monkey completely misses you.
A bombardier beetle comes into view.
The hound attacks as it pursues you! The hound bites you.
The ufetubus misses you. The ufetubus hits you.
The howler monkey hoots and howls with incredible vigour!
The hound bites you.
You hear a shout! x6
The ufetubus closely misses you. The ufetubus misses you.
The orc wizard closely misses you.
An orc comes into view. It is wielding a +0 hand axe.
You feel less confused. The howler monkey barely misses you.
You shoot a sling bullet.
The sling bullet closely misses the ufetubus.
The jelly quivers.
You hear a shout!
The ufetubus slips past you! The ufetubus closely misses you.
The ufetubus misses you. The howler monkey hits you.
The ufetubus barely misses you. The ufetubus hits you.
* * * LOW HITPOINT WARNING * * *
The orc wizard barely misses you.
An orc priest comes into view. It is wielding a +0 hand axe.
The ufetubus misses you. The ufetubus closely misses you.
You hear a shout!
You shoot a sling bullet. The sling bullet hits the hound.
You drain the hound.
The hound is severely wounded.
The hound barely misses you. The ufetubus barely misses you. x3
The ufetubus closely misses you.
The howler monkey hoots and howls with incredible vigour!
The orc wizard closely misses you. The ufetubus hits you.
* * * LOW HITPOINT WARNING * * *
The ufetubus barely misses you. The hound barely misses you.
The ufetubus closely misses you. The ufetubus hits you.
* * * LOW HITPOINT WARNING * * *
The howler monkey hits you.
You die...

# .. ### #..# ...## #..#
?..... #. #.## ......
#.# ##..#####o..# #.#
#.......5B..# #.#
#.....5hJo..##
#.########.....hho......
#.#....................#
#.#.#######............#
#...# #.............
#..## #(...........#
..## ####..####...# #.#
#..# ...# #.# #.... .[


You could see a howler monkey (catching breath), a bombardier beetle, a hound
(very drained), a jelly, an orc priest, an orc wizard, 2 ufetubi and an orc.

Vanquished Creatures
  A black bear (D:3)
  A bombardier beetle (D:3)
  2 hounds (D:5)
  2 ufetubi (D:5)
  3 dart slugs
  5 orcs (D:3)
  6 bats
  6 endoplasms
  2 giant cockroaches
  3 goblins
  4 hobgoblins
  4 jackals (D:2)
  7 kobolds
  4 quokkas
  4 ball pythons
  A frilled lizard (D:2)
  7 rats
62 creatures vanquished.

Notes
Turn   | Place    | Note
-------+----------+-------------------------------------------
     0 | D:1      | Killerpretzel the Octopode Shapeshifter began the quest for
                  | the Orb.
     0 | D:1      | Reached XP level 1. HP: 13/13 MP: 1/1
   132 | D:1      | Reached XP level 2. HP: 15/18 MP: 2/2
   330 | D:1      | Reached XP level 3. HP: 21/23 MP: 3/3
  1130 | D:2      | Identified the +1 sling of the Exiled Princes {drain, rElec
                  | rN+ Int+2}
  1175 | D:2      | Found a faded altar of an unknown god.
  1316 | D:2      | Reached XP level 4. HP: 29/29 MP: 4/4
  1729 | D:2      | Prayed at the altar of an unknown god.
  1729 | D:2      | Became a worshipper of Ignis, the Dying Flame
  1730 | D:2      | Fell from the grace of Ignis
 11003 | D:2      | Glimpsed the power of Zot.
 11153 | D:3      | Noticed a black bear
 11157 | D:3      | Killed a black bear
 11158 | D:3      | Reached XP level 5. HP: 35/35 MP: 5/5
 11161 | D:3      | You are sucked into a shaft and drop 2 floors!
 11161 | D:5      | Entered Level 5 of the Dungeon
 11173 | D:5      | Reached XP level 6. HP: 32/41 MP: 6/6
 11284 | D:5      | Slain by a howler monkey

Illustrated notes

Levels and vault maps discovered:
D:1:      mrwooster_arrival_statue, layout_loops_ring
D:2:      layout_basic, hellmonk_ecumenical_altar_slurped_away,
          serial_park_tiny_pond, minmay_close_crescents
D:3:      layout_rooms, nemelex_spade_bored_becter,
          gammafunk_temple_overflow_elements, uniq_grinder, uniq_ijyb
D:5:      layout_rooms, serial_shops, shop

Skill      XL: |  1  2  3  4  5  6 |
---------------+-------------------+-----
Fighting       | 2 |  2.6
Shapeshifting  | 4 |  4.6
Dodging        | 3 |  3.2
Unarmed Combat | 4 |  4.0

Action                     |  1- 3 |  4- 6 || total
---------------------------+-------+-------++-------
  Melee: Unarmed           |    67 |    11 ||    78
         Tentacles         |    12 |       ||    12
         Constrict         |    17 |     2 ||    19
         Punch             |     2 |       ||     2
   Fire: Sling             |     7 |    32 ||    39
 Invoke: Renounce Religion |       |     1 ||     1
   Stab: Sleeping          |     4 |       ||     4
 Armour: Skin              |    26 |    18 ||    44
  Dodge: Dodged            |    45 |    40 ||    85
